 Dungeon Crawl Stone Soup version 0.29-a0-542-g075992c915 (webtiles) character file.

Game seed: 12517653966886806889

1383 Nedwor the Cleaver (level 8, -1/106 HPs)
             Began as a Minotaur Berserker on June 3, 2022.
             Was a Priest of Trog.
             Slain by a hornet (7 damage)
             ... on level 6 of the Dungeon.
             The game lasted 00:10:46 (6249 turns).

Nedwor the Cleaver (Minotaur Berserker)             Turns: 6249, Time: 00:10:48

Health: -1/106     AC: 13    Str: 23    XL:     8   Next: 40%
Magic:  7/7        EV: 10    Int:  4    God:    Trog [***...]
Gold:   363        SH:  0    Dex: 11    Spells: 7/7 levels left

rFire   . . .      SeeInvis .   a - +0 hand axe
rCold   . . .      Faith    .   (no shield)
rNeg    . . .      Spirit   .   x - +0 chain mail
rPois   .          Reflect  .   (helmet restricted)
rElec   .          Harm     .   c - +0 cloak
rCorr   .          Rampage  .   (no gloves)
Will    ++...                   o - +1 pair of boots
Stlth   ..........              (no amulet)
HPRegen 1.27/turn               (no ring)
MPRegen 0.10/turn               (no ring)

@: berserking, lethally poisoned (-1 -> -1), strong-willed, regenerating, slowed
A: horns 2, retaliatory headbutt
a: Renounce Religion, Berserk, Trog's Hand


You were on level 6 of the Dungeon.
You worshipped Trog.
Trog was most pleased with you.
You visited 1 branch of the dungeon, and saw 7 of its levels.

You collected 363 gold pieces.

Inventory:

Hand Weapons
 a - a +0 hand axe (weapon)
Armour
 c - a +0 cloak (worn)
 o - a +1 pair of boots (worn)
 x - a +0 chain mail (worn)
Wands
 s - a wand of acid (3)
 y - a wand of digging (6)
Scrolls
 e - 5 scrolls of identify {unknown}
 f - a scroll of poison {unknown}
 h - a scroll of fog {unknown}
 j - 3 scrolls of vulnerability {unknown}
 l - a scroll of magic mapping {unknown}
 m - 4 scrolls of noise {unknown}
 p - a scroll of immolation {unknown}
 r - a scroll of fear {unknown}
 v - a scroll of enchant armour {unknown}
 w - 2 scrolls of enchant weapon {unknown}
Potions
 b - a potion of flight {unknown}
 d - 4 potions of heal wounds {unknown}
 g - a potion of might {unknown}
 i - 3 potions of brilliance {unknown}
 k - 2 potions of berserk rage {unknown}
 n - 3 potions of curing {unknown}
 q - a potion of degeneration {unknown}
 t - a potion of attraction {unknown}
 u - a potion of cancellation {unknown}
 z - a potion of magic {unknown}


   Skills:
 + Level 6.6 Fighting
 * Level 8.6 Axes
 + Level 6.0 Armour
 + Level 5.4 Dodging


You had 7 spell levels left.
You didn't know any spells.
Your spell library was empty.

Dungeon Overview and Level Annotations

Branches:
Dungeon (7/15)             Temple (0/1) D:6

Altars:
Dithmenos
Gozag
Hepliaklqana
Kikubaaqudgha
Qazlal
Trog
Uskayaw
Wu Jian
Xom


Innate Abilities, Weirdness & Mutations

You have a pair of horns on your head.
You reflexively headbutt those who attack you in melee.


Message History

You feel very sick.
The hornet stings you but does no damage.
The orc hits you but does no damage. x2; The hornet misses you.
The gnoll barely misses you. The orc hits you with a +0 whip.
The hornet stings you but does no damage.
The orc hits you but does no damage. The gnoll hits you with a +0 whip.
Your skin crawls.
You feel strong-willed.
You feel yourself speed up.
You feel sick. The hornet closely misses you.
The orc hits you but does no damage. x2; The gnoll hits you with a +0 whip.
The hornet stings you.
You feel yourself slow down.
Unknown command.
A red film seems to cover your vision as you go berserk!
You feel yourself moving faster!
You feel mighty!
You feel yourself speed up.
You feel sick. The hornet stings you!
* * * LOW HITPOINT WARNING * * *
You feel yourself slow down. The orc hits you but does no damage. x2
The gnoll hits you with a +0 whip.
* * * LOW HITPOINT WARNING * * *
The hornet stings you.
* * * LOW HITPOINT WARNING * * *
You feel as though you will be slow longer.
The orc hits you with a +2 whip of freezing.
* * * LOW HITPOINT WARNING * * *
The orc freezes you.
* * * LOW HITPOINT WARNING * * *
The orc hits you but does no damage. The gnoll closely misses you.
You furiously retaliate!
You headbutt the gnoll!
You kill the gnoll!
Trog accepts your kill.
Unknown command.
You slash the orc!
You kill the orc!
Trog accepts your kill.
You barely miss the hornet. You slash the orc!
You kill the orc!
Trog accepts your kill.
You feel sick. The hornet stings you!
You die...

##.......##..###..#
#........#..#####.##
...........###.....#
#.........## #....##
#.........# #.....##
#.........# #......#
##...)....# #......#
#....)...# #...)..#
###.......# #..@...#
###.......# #.)y).##
##.......## #..).<#
...##....# ##....#
..######## #...##
### ##### # #


You could see a hornet.

Vanquished Creatures
  The ghost of Heedrag the Conjurer, an amateur DECj (D:4)
  Edmund (D:6)
  An ogre (D:5)
  A gnoll sergeant (D:4)
  3 scorpions
  A necrophage (D:5)
  A howler monkey (D:5)
  A jelly (D:6)
  An orc priest (D:3)
  4 hounds
  Terence (D:3)
  3 iguanas
  2 orc wizards
  The ghost of P0WERM0DE the Ruffian, a weakling TrCK of Xom (D:3)
  10 adders
  10 gnolls
  2 shadow imps
  2 ufetubi (D:6)
  2 worms (D:2)
  3 dart slugs
  15 orcs
  6 ball pythons
  8 endoplasms
  4 giant cockroaches
  12 hobgoblins
  10 jackals
  4 quokkas
  6 bats
  A frilled lizard (D:2)
  7 goblins
  9 kobolds
  5 rats
138 creatures vanquished.

Notes
Turn   | Place    | Note
-------+----------+-------------------------------------------
     0 | D:1      | Nedwor the Minotaur Berserker began the quest for the Orb.
     0 | D:1      | Reached XP level 1. HP: 19/19 MP: 0/0
    43 | D:1      | Found a faded altar of an unknown god.
   156 | D:1      | Reached XP level 2. HP: 27/27 MP: 1/1
   183 | D:1      | Reached skill level 4 in Axes
   641 | D:1      | Reached XP level 3. HP: 22/33 MP: 2/2
  1026 | D:2      | Reached ** piety under Trog
  1464 | D:2      | Reached XP level 4. HP: 39/40 MP: 3/3
  1739 | D:3      | Noticed Terence
  1749 | D:3      | Killed Terence
  1750 | D:3      | Reached skill level 5 in Axes
  1914 | D:3      | Reached XP level 5. HP: 36/47 MP: 4/4
  2447 | D:3      | Identified the +4 dagger of Discord {protect, Dex+8}
  2579 | D:3      | Found a runed translucent door.
  2583 | D:3      | Noticed P0WERM0DE's ghost (weakling TrCK)
  2792 | D:3      | Killed P0WERM0DE's ghost
  3087 | D:4      | Reached XP level 6. HP: 44/55 MP: 5/5
  3353 | D:4      | Found a faded altar of an unknown god.
  3354 | D:4      | Found a hazy altar of Hepliaklqana.
  3363 | D:4      | Reached skill level 5 in Fighting
  3363 | D:4      | Reached skill level 6 in Axes
  3531 | D:4      | Found a stormy altar of Qazlal.
  3649 | D:4      | Found an ornate altar of the Wu Jian Council.
  3649 | D:4      | Found a faded altar of an unknown god.
  3668 | D:4      | Found an ancient bone altar of Kikubaaqudgha.
  3670 | D:4      | Found a shimmering altar of Xom.
  3673 | D:4      | Found a faded altar of an unknown god.
  3719 | D:4      | Found a runed translucent door.
  3724 | D:4      | Noticed Heedrag's ghost (amateur DECj)
  3799 | D:4      | Killed Heedrag's ghost
  3800 | D:4      | Reached XP level 7. HP: 46/61 MP: 6/6
  4107 | D:5      | Entered Level 5 of the Dungeon
  4132 | D:5      | Reached skill level 7 in Axes
  4261 | D:5      | Reached skill level 5 in Armour
  4693 | D:5      | Found a hide-covered altar of Uskayaw.
  4709 | D:5      | Identified the +8 trident of Dejeapi {vorpal, Str+5}
  4971 | D:6      | Reached XP level 8. HP: 70/70 MP: 7/7
  5010 | D:6      | Found a shadowy altar of Dithmenos.
  5021 | D:6      | Reached skill level 5 in Dodging
  5100 | D:6      | Reached *** piety under Trog
  5101 | D:6      | Reached skill level 8 in Axes
  5189 | D:6      | Found a bloodstained altar of Trog.
  5241 | D:6      | Noticed Edmund
  5253 | D:6      | Killed Edmund
  5518 | D:6      | Found an opulent altar of Gozag.
  5815 | D:6      | Found a staircase to the Ecumenical Temple.
  6029 | D:7      | Noticed a hornet
  6249 | D:6      | Slain by a hornet

Illustrated notes

Levels and vault maps discovered:
D:1:      spicycebolla_arrival_xxxplode, layout_loops_ring,
          shapermc_ecumenical_altar_starsandcircs
D:2:      layout_rooms, minmay_pentomino_s2
D:3:      layout_loops_corners, ebering_ghost_reflecting_pool,
          roderic_serpentine_path, uniq_terence
D:4:      layout_rooms, general_overflow_altar,
          beargit_hepliaklqana_dungeon_heroes,
          chequers_temple_overflow_minitemple, ebering_ghost_reflecting_pool
D:5:      layout_loops_corners, eat_drink_and_be_merry_uskayaw
D:6:      layout_cave_pods, trog_hazing_becter, nicolae_dithmenos_the_darkroom,
          mainiacjoe_overflow_six_doors_small,
          minmay_temple_entry_statues_fountains, uniq_edmund
D:7:      layout_rooms, nicolae_ossuary_entry_monument, kennysheep_donut

Skill      XL: |  1  2  3  4  5  6  7  8 |
---------------+-------------------------+-----
Axes           | 4 5 6 7 8 |  8.6
Fighting       | 4 5 6 |  6.6
Armour         | 3 4 5 6 |  6.0
Dodging        | 3 4 5 |  5.4

Action                   |  1- 3 |  4- 6 |  7- 9 || total
-------------------------+-------+-------+-------++-------
Melee: Hand axe          |    78 |   154 |   109 ||   341
       Headbutt          |     9 |    21 |    23 ||    53
       Punch             |     1 |       |     2 ||     3
Invok: Berserk           |       |     9 |     5 ||    14
       Trog's Hand       |       |     1 |     2 ||     3
 Stab: Sleeping          |     1 |     1 |       ||     2
Armor: Animal skin       |    16 |    32 |       ||    48
       Chain mail        |       |    15 |    78 ||    93
Dodge: Dodged            |    62 |    71 |    45 ||   178

Table legend: (Time is in decaauts)
 A = Elapsed time spent in this place.
 B = Non-inter-level travel time spent in this place.
 C = Inter-level travel time spent in this place.
 D = Time resting spent in this place.
 E = Time spent auto-exploring this place.
 F = Levels seen in this place.
 G = Mean time per level.
                   A        B        C        D        E       F      G
               +--------+--------+--------+--------+--------+-----+--------+
         Total |   6382 |   6215 |    167 |   1001 |   4286 |   7 |  911.7 |
       Dungeon |   6382 |   6215 |    167 |   1001 |   4286 |   7 |  911.7 |
               +--------+--------+--------+--------+--------+-----+--------+

Top non-repeatable levels by time:
     D:3: 1405 daAuts
     D:6: 1301 daAuts
     D:4: 1073 daAuts
     D:1: 985 daAuts
     D:5: 861 daAuts
     D:2: 746 daAuts
     D:7: 9 daAuts
